 Dungeon Crawl Stone Soup version 0.31.0-11-ge490571c62 (webtiles) character file.

Game seed: 14460393300107009109

91270 olmar the Earth Mage (level 16, -10/119 HPs)
             Began as a Ghoul Earth Elementalist on Jan 30, 2024.
             Was a High Priest of Vehumet.
             Mangled by a small abomination (16 damage)
             ... in a Gauntlet on Jan 31, 2024.
             The game lasted 00:47:15 (30331 turns).

olmar the Earth Mage (Ghoul Earth Elementalist)    Turns: 30331, Time: 00:47:17

Health: -10/119    AC: 14    Str: 14    XL:     16   Next: 2%
Magic:  14/41      EV: 15    Int: 28    God:    Vehumet [*****.]
Gold:   1764       SH:  0    Dex: 18    Spells: 28/46 levels left

rFire   + . .        V - +6 Majin-Bo {spellvamp, MP+6 Int+6}
rCold   + . .        (no shield)
rNeg    + + +        L - +1 scale mail of Bekkufigu {rF+ rCorr Int+2 Dex+3}
rPois   ∞            (no helmet)
rElec   .            Q - +2 cloak of the Thief {*Fog Slay-2 SInv Stlth+}
rCorr   +            y - +2 pair of gloves {infuse}
SInv    +            x - +0 pair of boots
Will    +....        p - amulet of regeneration
Stlth   ++           f - +5 ring of evasion
HPRegen 0.00/turn    G - +6 ring of dexterity
MPRegen 0.27/turn

%: no teleportation, infuse magic (1 MP)
@: inhibited regen
A: claws 1, cold resistance 1, negative energy resistance 3, inhibited
regeneration, torment resistance 2, devour on kill
a: Renounce Religion


You were in a Gauntlet.
You worshipped Vehumet.
Vehumet was extremely pleased with you.
You visited 5 branches of the dungeon, and saw 23 of its levels.
You also visited: Gauntlet.

You collected 4055 gold pieces.
You spent 2291 gold pieces at shops.

Inventory:

Hand Weapons
 V - the +6 Majin-Bo (weapon) {spellvamp, MP+6 Int+6}
   (You acquired it on level 12 of the Dungeon)

   Int+6:     It affects your intelligence (+6).
   MP+6:      It affects your magic capacity (+6).
Missiles
 R - 38 poisoned darts
Armour
 s - a scarf of resistance
 x - a +0 pair of boots (worn)
 y - a +2 pair of gloves of infusion (worn)
 H - a +2 pair of gloves
 L - the +1 scale mail of Bekkufigu (worn) {rF+ rCorr Int+2 Dex+3}
   (You bought it in a shop on level 8 of the Dungeon)

   Int+2:     It affects your intelligence (+2).
   Dex+3:     It affects your dexterity (+3).
   rF+:       It protects you from fire.
   rCorr:     It protects you from acid and corrosion.
 Q - the +2 cloak of the Thief (worn) {*Fog Slay-2 SInv Stlth+}
   (You acquired it on level 12 of the Dungeon)

   *Fog:      It may release a thick cloud of smoke when the wearer is hurt.
   Slay-2:    It affects your accuracy & damage with ranged weapons and melee
   (-2).
   SInv:      It lets you see invisible.
   Stlth+:    It makes you more stealthy.
Jewellery
 f - a +5 ring of evasion (left hand)
 h - a ring of ice
 p - an amulet of regeneration (around neck)
 q - a +6 ring of dexterity
 C - a ring of ice
 F - a +6 ring of intelligence
 G - a +6 ring of dexterity (right hand)
 K - a +6 ring of strength
 N - a ring of wizardry
 S - a ring of protection from fire
 Y - a ring of fire
Wands
 a - a wand of charming (15)
 t - a wand of polymorph (9)
 A - a wand of roots (1)
 P - a wand of digging (5)
 U - a wand of flame (26)
Scrolls
 c - 2 scrolls of torment
 d - 6 scrolls of revelation
 e - a scroll of blinking
 i - a scroll of teleportation
 k - a scroll of silence
 l - 2 scrolls of vulnerability
 m - 3 scrolls of noise
 o - 2 scrolls of brand weapon {unknown}
 r - 2 scrolls of poison
 v - 4 scrolls of amnesia
 z - 2 scrolls of butterflies
 D - 2 scrolls of immolation
 E - 2 scrolls of enchant weapon
 M - 4 scrolls of enchant armour
 X - 3 scrolls of fear
 Z - a scroll of fog {unknown}
Potions
 b - 3 potions of magic
 j - 5 potions of brilliance
 n - a potion of cancellation
 u - 5 potions of resistance
 w - 5 potions of attraction
 B - a potion of might
 I - 5 potions of ambrosia
 J - 2 potions of haste
 O - 4 potions of curing
 T - a potion of heal wounds
Miscellaneous
 g - a phial of floods (inert)


   Skills:
 + Level 5.0 Fighting
 - Level 1.0(1.6) Maces & Flails
 + Level 1.9(2.0) Staves
 - Level 3.4 Dodging
 - Level 2.5 Stealth
 + Level 15.5 Spellcasting
 + Level 9.9 Conjurations
 + Level 18.6 Earth Magic
 + Level 0.4 Alchemy


You had 28 spell levels left.
You knew the following spells:

 Your Spells              Type           Power      Damage    Failure   Level
a - Sandblast             Erth           100%       2d20      0%          1
b - Passwall              Erth           90%        N/A       0%          3
c - Stone Arrow           Conj/Erth      100%       3d13      1%          3
d - Petrify               Alch/Erth      66%        N/A       1%          4
e - Brom's Barrelling Bo  Conj/Erth      80%        2d9       1%          4
f - Mephitic Cloud        Conj/Alch/Air  41%        N/A       2%          3

Your spell library contained the following spells:

 Spells                   Type           Power      Damage    Failure   Level
 Eringya's Noxious Bog    Alch           12%        4d6       95%         6
 Kiss of Death            Conj/Necr      100%       2d13      1%          1
 Magic Dart               Conj           100%       1d8       1%          1
 Hailstorm                Conj/Ice       49%        3d10      1%          3
 Freeze                   Ice            84%        1d9       3%          1
 Fulminant Prism          Conj/Alch      25%        3d14      3%          4
 Frozen Ramparts          Ice            42%        1d7       9%          3
 Irradiate                Conj/Alch      25%        3d20      9%          5
 Slow                     Hex            84%        N/A       11%         1
 Blink                    Tloc           42%        N/A       16%         2
 Call Imp                 Summ           42%        N/A       16%         2
 Ignite Poison            Fire/Alch      23%        N/A       24%         4
 Sticky Flame             Fire/Alch      23%        2d6       24%         4
 Confusing Touch          Hex            21%        N/A       30%         3
 Sigil of Binding         Hex            21%        N/A       30%         3
 Vampiric Draining        Necr           21%        2d7       30%         3
 Dispel Undead            Necr           21%        3d11      71%         4
 Martyr's Knell           Necr/Summ      21%        N/A       71%         4
 Summon Forest            Summ/Tloc      10%        N/A       96%         5
 Summon Mana Viper        Hex/Summ       21%        N/A       96%         5
 Summon Cactus Giant      Summ           10%        N/A       100%        6
 Summon Hydra             Summ           10%        N/A       100%        7
 Ignition                 Fire           10%        3d5       100%        8
 Sublimation of Blood     Necr           Unusable   N/A       N/A         2

Dungeon Overview and Level Annotations

Branches:
Dungeon (14/15)            Temple (1/1) D:6            Lair (5/5) D:11
 Shoals (0/4) Lair:2       Spider (0/4) Lair:2        Slime (0/5) Lair:4
    Orc (2/2) D:10            Elf (1/3) Orc:2        Vaults (0/5) D:13
Gauntlet (1/1)

Altars:
Ashenzari
Cheibriados
Dithmenos
Fedhas
Gozag
Hepliaklqana
Kikubaaqudgha
Makhleb
Nemelex Xobeh
Okawaru
Qazlal
Ru
Sif Muna
Trog
Uskayaw
Vehumet
Wu Jian
Xom
Yredelemnul
Jiyva

Shops:
D:5 *   D:8 [   D:10 *   Orc:2 :([

Portals:
Trove: D:10 (give 18 potions of curing)

Annotations:
Lair:4 3 runed translucent doors, exclusion: oklob plant, Odimp's ghost, journeyman KoWn
Lair:5 exclusion: oklob plant
Elf:1 Kirke Gauntlet 17 transporters, exclusion: lightning spire


Innate Abilities, Weirdness & Mutations

You are immune to poison.
You have sharp fingernails.
Your flesh is cold resistant. (rC+)
You are immune to negative energy. (rN+++)
You do not regenerate when monsters are visible.
You are immune to unholy pain and torment.
You thrive by killing the living.


Message History

The small abomination hits you. The small abomination hits you!
You are too injured to fight recklessly!
You are too injured to fight recklessly!
You are too injured to fight recklessly!
You are too injured to fight recklessly!
Aiming: Stone Arrow (safe; 1% risk of failure)
Press: ? - help, Q - select action, (/) - cycle Shift-Dir - straight line, f - small abomination
Aim: a small abomination (78% to hit)
The stone arrow hits the small abomination!!
You destroy the small abomination!
Vehumet accepts your kill. The small abomination hits you.
* * * LOW HITPOINT WARNING * * *
Aiming: Stone Arrow (safe; 1% risk of failure)
Press: ? - help, Q - select action, (/) - cycle Shift-Dir - straight line, f/p - small abomination
Aim: a small abomination (78% to hit)
The stone arrow misses the small abomination.
The stone arrow hits the small abomination!!
The small abomination is severely damaged.
* * * LOW HITPOINT WARNING * * *
The small abomination misses you.
The small abomination hits you but does no damage.
Unknown command.
Aiming: Stone Arrow (safe; 1% risk of failure)
Press: ? - help, Q - select action, (/) - cycle Shift-Dir - straight line, f/p - small abomination
Aim: a small abomination (severely damaged, 78% to hit)
The stone arrow hits the small abomination!
The small abomination is heavily damaged.
* * * LOW HITPOINT WARNING * * *
The small abomination hits you!
* * * LOW HITPOINT WARNING * * *
The small abomination closely misses you.
Unknown command.
You feel much better. The small abomination hits you!
* * * LOW HITPOINT WARNING * * *
The small abomination hits you!
* * * LOW HITPOINT WARNING * * *
With a swish of your cloak, you release a cloud of fog.
The small abomination hits you!
You die...

#..#.........#.#....#....#.#44###
...#..##.##..#.#...#.#...#.#4#.#.
...#!#..#..#9#.#..#.x.#..#.##.#.#
.###.#..#..#.#.#.#.X#..#.#.#3.#.#
.#©#©.#####..#.##x.#.#..##.###.##
.#.#|#..#©.#.#.#x.#...#..#.##.#.#
.#.#.#..#..#.#.#.#§.#..#.#.#.##..
.#.#..##.##..#.##xx#.#..##.#.#..#
.#.#........Y#.#@x#.©.#.)#.###©.#
.#.##############################
.#.#§§8≈≈#©.........©.........©#≈
##.##### ########################
..©...........©#≈§≈§8≈≈§≈#©......
#################################
.##.##.#.#.....xxx.#.#.........#.
.# s##.#.#^#.....#^#.#.........#.
#s .. s#.#.##. .##.#.#.#######.#.


You could see a catoblepas, a gargoyle and 6 small abominations.

Vanquished Creatures
  A dire elephant (Lair:5)
  5 vault guards (D:13)
  4 hydras
  3 ogre magi (Orc:2)
  5 boulder beetles
  10 two-headed ogres
  3 catoblepae
  A tengu warrior (D:11)
  A deep troll shaman (Lair:5)
  A demonic crawler (Lair:4)
  3 dancing weapons
  10 death yaks
  Urug (D:11)
  3 orc high priests (Orc:2)
  3 deep elf knights
  A skeletal warrior (D:11)
  An arcanist (D:13)
  Pikel (D:7)
  4 deep elf archers (Elf:1)
  7 deep elf zephyrmancers (Elf:1)
  8 deep elf pyromancers
  2 ugly things
  2 harpies (Lair:2)
  3 cyclopes
  A moth of wrath (Lair:4)
  2 manticores (D:13)
  An orc sorcerer (Orc:2)
  An oklob plant (Orc:2)
  9 elephants
  5 black mambas
  A gargoyle (D:13)
  10 cane toads
  A large abomination (Gauntlet)
  2 yaktaurs (D:13)
  2 torpor snails (Lair:4)
  19 komodo dragons
  An efreet (D:11)
  3 rime drakes
  3 kobold demonologists
  A tengu conjurer (D:13)
  A queen bee (D:10)
  7 trolls
  2 hornets
  5 polar bears
  9 blink frogs
  3 dream sheep (Lair:4)
  A blink frog (shapeshifter) (D:11)
  10 slime creatures
  3 shadows
  4 wyverns
  3 small abominations (Gauntlet)
  2 wraiths
  Eustachio (D:4)
  A vampire (D:12)
  16 yaks
  7 basilisks
  2 humans (D:13)
  A steam dragon (D:7)
  2 fire elementals (Elf:1)
  11 wargs (Orc:2)
  10 vampire mosquitoes
  3 swamp worms (Lair:4)
  7 acid dragons
  12 water moccasins
  10 orc warriors
  2 ice beasts
  4 black bears
  A sky beast (D:7)
  21 wolves
  11 ogres
  6 centaurs
  2 lemures (D:7)
  7 kobold brigands
  13 bullfrogs
  A gnoll sergeant (D:5)
  A brain worm (shapeshifter) (Elf:1)
  4 scorpions
  An earth elemental (Elf:1)
  9 wights
  33 killer bees
  7 howler monkeys
  3 jellies
  A bombardier beetle (D:3)
  24 orc priests
  3 hounds
  3 iguanas
  A sleepcap (D:6)
  12 orc wizards
  18 gnolls
  8 adders
  A white imp (D:4)
  2 ufetubi (D:7)
  3 dart slugs
  3 ribbon worms
  105 orcs
  7 bats
  8 endoplasms
  6 giant cockroaches
  14 goblins
  15 hobgoblins
  22 kobolds
  4 quokkas
  13 ball pythons
  2 frilled lizards (D:1)
  4 rats
  A butterfly (Lair:3)
684 creatures vanquished.

Vanquished Creatures (collateral kills)
  A boulder (Elf:1)
1 creature vanquished.

Vanquished Creatures (others)
  An ogre mage (Orc:2)
  A glass eye (Elf:1)
  A howler monkey (D:10)
  6 boulders (Elf:1)
9 creatures vanquished.

Grand Total: 694 creatures vanquished

Notes
Turn   | Place    | Note
-------+----------+-------------------------------------------
     0 | D:1      | olmar the Ghoul Earth Elementalist began the quest for the
                  | Orb.
     0 | D:1      | Reached XP level 1. HP: 14/14 MP: 3/3
   171 | D:1      | Reached XP level 2. HP: 20/20 MP: 2/4
  1105 | D:2      | Reached XP level 3. HP: 26/26 MP: 0/6
  1315 | D:2      | Found a faded altar of an unknown god.
  1399 | D:1      | Learned a level 3 spell: Passwall
  1420 | D:2      | Reached XP level 4. HP: 27/33 MP: 0/8
  1463 | D:2      | Reached skill level 4 in Earth Magic
  2498 | D:3      | Reached XP level 5. HP: 38/38 MP: 7/9
  2563 | D:3      | Found a sparkling altar of Nemelex Xobeh.
  3086 | D:3      | Reached skill level 5 in Earth Magic
  3086 | D:3      | Reached XP level 6. HP: 36/46 MP: 3/11
  3375 | D:3      | Learned a level 3 spell: Stone Arrow
  3414 | D:4      | Reached skill level 6 in Earth Magic
  3417 | D:4      | Noticed Eustachio
  3428 | D:4      | Killed Eustachio
  3429 | D:4      | Reached XP level 7. HP: 49/51 MP: 0/13
  3679 | D:4      | Reached skill level 7 in Earth Magic
  4628 | D:4      | Learned a level 4 spell: Petrify
  4669 | D:5      | Entered Level 5 of the Dungeon
  4673 | D:5      | Reached skill level 5 in Spellcasting
  4673 | D:5      | Reached XP level 8. HP: 58/58 MP: 11/15
  4985 | D:5      | Found Lususm's Assorted Antiques.
  4989 | D:5      | Bought a scroll of identify for 62 gold pieces
  4989 | D:5      | Bought a gold wand for 124 gold pieces
  4989 | D:5      | Bought a scroll of identify for 62 gold pieces
  5436 | D:5      | Reached skill level 8 in Earth Magic
  5839 | D:6      | Reached skill level 1 in Fighting
  5891 | D:5      | Learned a level 4 spell: Brom's Barrelling Boulder
  6025 | D:6      | Found a broken altar of Ashenzari.
  6182 | D:6      | Got the Vellum of Free Will
  6206 | D:6      | Reached XP level 9. HP: 55/64 MP: 14/19
  6208 | D:6      | Reached skill level 9 in Earth Magic
  6329 | D:6      | Found a staircase to the Ecumenical Temple.
  6408 | Temple   | Entered the Ecumenical Temple
  6417 | Temple   | Became a worshipper of Vehumet
  7084 | D:7      | Noticed Pikel
  7092 | D:7      | Killed Pikel
  7093 | D:7      | Reached skill level 10 in Earth Magic
  7830 | D:8      | Reached skill level 1 in Conjurations
  7831 | D:8      | Reached * piety under Vehumet
  7831 | D:8      | Offered knowledge of Shock by Vehumet.
  7832 | D:8      | Reached XP level 10. HP: 69/72 MP: 18/22
  8108 | D:8      | Noticed a two-headed ogre
  8118 | D:8      | Killed a two-headed ogre
  8119 | D:8      | Reached skill level 11 in Earth Magic
  8656 | D:8      | Found Desmipri's Superior Scales.
  8663 | D:8      | Bought the +1 scale mail of Bekkufigu {rF+ rCorr Int+2
                  | Dex+3} for 547 gold pieces
  9477 | D:9      | Got Lipack's Reference Book on Electrocution and Assaults
  9596 | D:9      | Noticed a kobold demonologist
  9601 | D:9      | Killed a kobold demonologist
  9650 | D:9      | Offered knowledge of Magic Dart by Vehumet.
  9817 | D:9      | HP: 3/73 [hornet (5)]
  9817 | D:9      | HP: 1/73 [wraith (2)]
  9824 | D:9      | HP: 1/73 [wraith (3)]
  9826 | D:9      | Reached skill level 12 in Earth Magic
 10157 | D:9      | Found a basalt altar of Yredelemnul.
 10224 | D:10     | Entered Level 10 of the Dungeon
 10265 | D:10     | Found a portal to a secret trove of treasure.
 10304 | D:10     | Reached XP level 11. HP: 79/79 MP: 18/24
 10353 | D:10     | Reached ** piety under Vehumet
 10712 | D:10     | Found a staircase to the Orcish Mines.
 10742 | D:10     | Offered knowledge of Static Discharge by Vehumet.
 10749 | D:10     | Noticed a two-headed ogre
 10756 | D:10     | a two-headed ogre changed into an elephant
 10892 | D:10     | Found a shimmering altar of Xom.
 11009 | D:10     | Reached skill level 10 in Spellcasting
 11091 | D:10     | Noticed a two-headed ogre
 11096 | D:10     | Killed a two-headed ogre
 11178 | D:10     | Found Waquij's Assorted Antiques.
 11187 | D:10     | Bought a scroll of identify for 62 gold pieces
 11187 | D:10     | Bought a scroll of identify for 62 gold pieces
 11187 | D:10     | Bought a scroll of identify for 62 gold pieces
 11187 | D:10     | Bought a potion of brilliance for 124 gold pieces
 11187 | D:10     | Bought a wand of roots (3) for 223 gold pieces
 11221 | D:10     | Reached *** piety under Vehumet
 11233 | D:10     | Reached skill level 13 in Earth Magic
 11513 | D:10     | Offered knowledge of Dazzling Flash by Vehumet.
 11933 | D:11     | Noticed a skeletal warrior
 11934 | D:11     | Noticed a deep elf pyromancer
 11956 | D:11     | Killed a skeletal warrior
 12103 | D:11     | Noticed a deep elf pyromancer
 12107 | D:11     | Killed a deep elf pyromancer
 12240 | D:11     | Noticed a cyclops
 12242 | D:11     | Noticed a tengu warrior
 12244 | D:11     | Reached XP level 12. HP: 88/88 MP: 13/27
 12250 | D:11     | Killed a tengu warrior
 12261 | D:11     | Noticed Urug
 12407 | D:11     | Noticed a boulder beetle
 12417 | D:11     | Killed a boulder beetle
 12452 | D:11     | Reached **** piety under Vehumet
 12576 | D:11     | Reached skill level 14 in Earth Magic
 12754 | D:11     | Offered knowledge of Freezing Cloud by Vehumet.
 12999 | D:11     | Found a staircase to the Lair.
 13101 | D:11     | Killed Urug
 13102 | D:11     | Reached skill level 1 in Maces & Flails
 13102 | D:11     | Reached skill level 5 in Conjurations
 14097 | D:12     | You fall into a shaft and drop 1 floor!
 14220 | D:12     | Identified 4 scrolls of acquirement
 14225 | D:12     | Acquired the +2 cloak of the Thief {*Fog Slay-2 SInv
                  | Stlth+}
 14225 | D:12     | Found the +2 cloak of the Thief {*Fog Slay-2 SInv Stlth+}
 14238 | D:12     | Acquired 546 gold pieces
 14240 | D:12     | Acquired the +6 Majin-Bo {spellvamp, MP+6 Int+6}
 14240 | D:12     | Found the +6 Majin-Bo {spellvamp, MP+6 Int+6}
 14497 | D:12     | Noticed a boulder beetle
 14505 | D:12     | Killed a boulder beetle
 14619 | D:12     | Noticed a boulder beetle
 14629 | D:12     | Killed a boulder beetle
 14754 | D:12     | Noticed a boulder beetle
 14759 | D:12     | Killed a boulder beetle
 14818 | D:12     | Reached XP level 13. HP: 91/96 MP: 29/29
 15142 | D:12     | Acquired 935 gold pieces
 15153 | D:13     | Reached skill level 15 in Earth Magic
 15230 | D:13     | Noticed a vault guard
 15402 | Orc:1    | Entered Level 1 of the Orcish Mines
 15519 | Orc:2    | Entered Level 2 of the Orcish Mines
 15528 | Orc:2    | Reached ***** piety under Vehumet
 15529 | Orc:2    | Offered knowledge of Lee's Rapid Deconstruction by Vehumet.
 15680 | Orc:2    | Found a staircase to the Elven Halls.
 16273 | Orc:2    | Found Quhug's Book Shoppe.
 16804 | Orc:2    | Found Zufugiakk's Antique Armour Emporium.
 16820 | Orc:2    | Bought a pair of runed gloves for 195 gold pieces
 16936 | Orc:2    | Bought a runed orb for 312 gold pieces
 17045 | Orc:2    | Found Niquela's Weapon Shoppe.
 17413 | Orc:2    | Paralysed by an ogre mage for 3 turns
 17452 | Orc:2    | Reached skill level 16 in Earth Magic
 17967 | Orc:2    | Found Pem Hitz's Magic Scroll Shoppe.
 17977 | Orc:2    | Reached skill level 1 in Staves
 17983 | Orc:2    | Bought a scroll of enchant weapon for 90 gold pieces
 17983 | Orc:2    | Bought a scroll of revelation for 90 gold pieces
 17983 | Orc:2    | Bought a scroll of revelation for 90 gold pieces
 17983 | Orc:2    | Bought a scroll of teleportation for 36 gold pieces
 17983 | Orc:2    | Bought a scroll of teleportation for 36 gold pieces
 17983 | Orc:2    | Bought a scroll of torment for 114 gold pieces
 18292 | Elf:1    | Entered Level 1 of the Elven Halls
 18391 | Lair:1   | Entered Level 1 of the Lair of Beasts
 18412 | Lair:1   | Reached XP level 14. HP: 103/105 MP: 10/31
 18523 | Lair:1   | Identified the +5 trident of Instinct {flame, rF+}
 19082 | Lair:1   | Offered knowledge of Starburst by Vehumet.
 19941 | Lair:2   | Found a hole to the Spider Nest.
 20171 | Lair:2   | Found a staircase to the Shoals.
 22092 | Lair:4   | Reached skill level 17 in Earth Magic
 22547 | Lair:4   | Found a runed translucent gate.
 22548 | Lair:4   | Found a runed translucent gate.
 22549 | Lair:4   | Found a runed translucent gate.
 22724 | Lair:4   | Noticed Odimp's ghost (journeyman KoWn)
 23255 | Lair:4   | Found a staircase to the Slime Pits.
 23255 | Lair:4   | Found a viscous altar of Jiyva.
 24011 | Lair:5   | Entered Level 5 of the Lair of Beasts
 24119 | Lair:5   | Reached XP level 15. HP: 111/111 MP: 20/33
 24677 | Lair:5   | Offered knowledge of Eringya's Noxious Bog by Vehumet.
 26053 | Lair:5   | Reached skill level 18 in Earth Magic
 26154 | Lair:5   | Identified the amulet of Due Proportion {Faith Rampage
                  | Stlth+}
 26518 | D:13     | Found a bloodstained altar of Trog.
 26984 | D:13     | Reached skill level 15 in Spellcasting
 28087 | D:13     | Found a gate to the Vaults.
 29020 | Elf:1    | Reached skill level 5 in Fighting
 29222 | Elf:1    | Noticed Kirke
 29377 | Orc:2    | Learned a level 3 spell: Mephitic Cloud
 29401 | Orc:2    | HP: 1/113 [+2 dire flail of protection (14)]
 29686 | D:14     | Found a gate leading to a gauntlet.
 29707 | D:14     | Reached XP level 16. HP: 114/119 MP: 9/35
 29711 | Gauntlet | Entered a Gauntlet
 29711 | Gauntlet | Found a transporter.
 29860 | Gauntlet | Found a transporter.
 29875 | Gauntlet | Found a transporter.
 29880 | Gauntlet | Found a transporter.
 29897 | Gauntlet | Found a transporter.
 29915 | Gauntlet | Found a transporter.
 29927 | Gauntlet | Found a transporter.
 29939 | Gauntlet | Found a transporter.
 29951 | Gauntlet | Found a transporter.
 29963 | Gauntlet | Found a transporter.
 29980 | Gauntlet | Found a transporter.
 29998 | Gauntlet | Found a transporter.
 30000 | Gauntlet | Found a transporter.
 30027 | Gauntlet | Found a transporter.
 30047 | Gauntlet | Found a transporter.
 30145 | Gauntlet | Found a transporter.
 30313 | Gauntlet | Found a transporter.
 30317 | Gauntlet | Found a transporter.
 30331 | Gauntlet | Mangled by a small abomination

Illustrated notes

Levels and vault maps discovered:
D:1:      minmay_arrival_glassed_features, layout_loops_corners
D:2:      minmay_spotlight, layout_loops_corners, nicolae_ecumenical_oubliette,
          minmay_misc_feat_plants, st_stairs_3, minmay_tetromino_o2
D:3:      layout_loops_ring, mainiacjoe_overflow_large_starburst
D:4:      minmay_polygon_palace, layout_cave_pools, serial_glass,
          glass_columns_a, glass_columns_a, minmay_goblin_outpost,
          uniq_eustachio
D:5:      layout_loops_ring, serial_shops, nicolae_shop_hallway_stairs
D:6:      layout_basic, mainiacjoe_overflow_brackets, temple_doors_e
D:7:      layout_basic, uniq_pikel
D:8:      layout_loops_cross, corexii_leaking_fountain, hellmonk_scale_shop
D:9:      layout_irregular_city, mainiacjoe_overflow_concentric_impassable,
          nrook_mini_vaults
D:10:     layout_cave_pools, xom_confusion_cloud, hiddenorc2_lemuel,
          special_room [special_room_bee], serial_shops, shop, enter_trove_6
D:11:     minmay_the_grid_four_pointed_star_mashed
          [minmay_the_grid_triangle_9x9_thin_v,
          minmay_the_grid_triangle_9x9_from_above,
          minmay_the_grid_triangle_9x9_warning,
          minmay_the_grid_triangle_9x9_corrupted_corridor,
          minmay_the_grid_prize_big_room], layout_loops_cross,
          david_lair_shrubbed, uniq_urug
D:12:     layout_loops_ring, st_stairs_3
D:13:     layout_roguey, grunt_vaults_entry_fortified, st_stairs_1, bloody_trog
D:14:     layout_basic, gauntlet_entry_generic, hangedman_abyss_or_decor_stabs,
          minivault_16
Temple:   sentei_temple_godly_chess
Lair:1:   layout_cave_pods, minivault_26, lemuel_fruit_tree
Lair:2:   layout_roguey, nicolae_shoals_entry_roost,
          spider_nest_entry_web_field, minivault_11, beast_lair_carwin_9
Lair:3:   layout_small_grid, lemuel_fruit_fields
Lair:4:   layout_concentric_octagons, slime_entry_1,
          maelrawn_ghost_gauntlet_escape, worms_lemuel, grunt_megastairs_2
Lair:5:   grunt_lair_end_beastmaster, layout_regular_city
Orc:1:    layout_diamond_mine, uniq_jorgrun
Orc:2:    st_orc_town, layout_caves, serial_shops, shop_fountains, mines3_lemuel
Elf:1:    elf_arrival_002, layout_geoelf_diagonals, serial_shops, shop,
          nicolae_elf_crossing_hall, onia_ninara_cookie, uniq_kirke
Gauntlet: gammafunk_gauntlet_one_two_three
          [gammafunk_gauntlet_arena_arrow_garden,
          gammafunk_gauntlet_arena_mazey, nicolae_gauntlet_arena_quarters,
          nicolae_gauntlet_arena_x, gammafunk_gauntlet_arena_hedges,
          gammafunk_gauntlet_arena_teeth, gammafunk_gauntlet_arena_split_x,
          gammafunk_gauntlet_arena_crates, nicolae_gauntlet_arena_blocks,
          gauntlet_exit_hidden_loot]

Skill      XL: |  1  2  3  4  5  6  7  8  9 10 11 12 13 14 15 |
---------------+----------------------------------------------+-----
Dodging        | 2 3 |  3.4
Spellcasting   | 2 3 4 5 6 8 9 11 12 13 14 15 | 15.5
Earth Magic    | 4 5 6 7 8 10 12 13 14 16 17 18 | 18.6
Fighting       | 1 2 3 4 5 |  5.0
Conjurations   | 1 3 4 5 7 8 9 |  9.9
Maces & Flails | 1 |  1.0
Staves         | 1 |  1.9
Stealth        | |  2.5
Alchemy        | |  0.4

Action                     |  1- 3 |  4- 6 |  7- 9 | 10-12 | 13-15 | 16-18 || total
---------------------------+-------+-------+-------+-------+-------+-------++-------
  Melee: Unarmed           |     2 |       |       |       |       |       ||     2
         Long sword        |       |    14 |    21 |       |       |       ||    35
         Whip              |       |       |     2 |    30 |       |       ||    32
         Bo                |       |       |       |       |    34 |       ||    34
         Punch             |       |       |       |       |     4 |       ||     4
  Throw: Javelin           |       |     1 |       |       |     1 |       ||     2
         Dart              |       |       |       |     6 |     7 |       ||    13
         Throwing net      |       |       |       |       |     1 |       ||     1
   Cast: Sandblast         |    43 |    95 |   220 |    98 |   109 |       ||   565
         Stone Arrow       |       |       |     4 |   272 |   795 |    14 ||  1085
         Passwall          |       |       |     1 |       |     5 |       ||     6
         Petrify           |       |       |       |       |     5 |       ||     5
         Brom's Barrelling |       |       |       |       |     9 |       ||     9
         Mephitic Cloud    |       |       |       |       |     1 |       ||     1
  Evoke: Wand              |       |       |     5 |    16 |     5 |       ||    26
         Phial of floods   |       |       |       |       |     1 |       ||     1
    Use: Scroll            |       |     1 |    10 |    17 |    12 |       ||    40
         Potion            |       |       |     1 |     5 |     3 |     1 ||    10
   Stab: Held in net/web   |       |       |       |       |     1 |       ||     1
         Sleeping          |       |       |       |       |     1 |       ||     1
 Armour: Robe              |     9 |    21 |    98 |    17 |       |       ||   145
         Scale mail        |       |       |       |   238 |   489 |    15 ||   742
  Dodge: Dodged            |    10 |    47 |   113 |   143 |   321 |    17 ||   651
